 Dungeon Crawl Stone Soup version 0.21-a0-104-g7b58145 (webtiles) character file.

12 MackTheKnife the Sneak (level 2, 0/19 HPs)
             Began as a Vampire Enchanter on July 6, 2017.
             Slain by a hobgoblin
             ... wielding a +0 club
              (6 damage)
             ... on level 1 of the Dungeon.
             The game lasted 00:03:40 (1093 turns).

MackTheKnife the Sneak (Vampire Enchanter)          Turns: 1093, Time: 00:03:41

Health: 0/19       AC:  2    Str:  7    XL:     2   Next: 20%
Magic:  2/5        EV: 12    Int: 17    God:
Gold:   0          SH:  0    Dex: 14    Spells: 4/5 levels left

rFire    . . .     SeeInvis +   a - +1 dagger
rCold    + . .     Gourm    .   (no shield)
rNeg     + + .     Faith    .   b - +0 robe
rPois    +         Spirit   .   (no helmet)
rElec    .         Reflect  .   g - scarf {repulsion}
rCorr    .         Harm     .   (no gloves)
MR       .....                  (no boots)
Stlth    ++++......             (no amulet)
HPRegen  0.03/turn              (no ring)
MPRegen  0.09/turn              (no ring)

@: regenerating slowly, repel missiles
A: fangs 3, see invisible, unbreathing
a: no special abilities


You were on level 1 of the Dungeon.
You were thirsty.

You visited 1 branch of the dungeon, and saw 1 of its levels.

Inventory:

Hand Weapons
 a - a +1 dagger (weapon)
Armour
 b - a +0 robe (worn)
 g - a scarf of repulsion (worn)
   (You found it on level 1 of the Dungeon)
Scrolls
 f - a scroll of random uselessness {unknown}
 h - 2 scrolls of enchant armour {unknown}
 k - 2 scrolls of teleportation
 l - a scroll of amnesia {unknown}
Potions
 d - a potion of blood {@q1}
 e - a potion of invisibility {unknown}
 i - a potion of brilliance {unknown}
 j - 2 potions of resistance {unknown}
 m - a potion of curing {unknown}
Books
 c - a book of Maledictions


   Skills:
 - Level 1.1 Short Blades
 - Level 2.1 Dodging
 + Level 5.3 Stealth
 - Level 2.0 Spellcasting
 - Level 4.7 Hexes


You had 4 spell levels left.
You knew the following spells:

 Your Spells              Type           Power        Failure   Level  Hunger
v - Corona                Hex            ###....      2%          1    #......


Dungeon Overview and Level Annotations

Branches:
Dungeon (1/15)

Altars:


Innate Abilities, Weirdness & Mutations

You heal slowly.
You have razor-sharp teeth.
You have supernaturally acute eyesight. (SInv)
You can survive without breathing.


Message History

You start resting.
A kobold comes into view.
You regained 5 hp, and now have 8/13 hp.
You start resting.
You start resting.
Health restored: 13 A goblin comes into view.
It is wielding a club.
A goblin is nearby!
A goblin is nearby!
A goblin is nearby!
The goblin shouts!
The goblin drinks a potion.
The goblin seems to speed up.
Unknown command.
You aren't carrying any items that you can evoke.
Unknown command.
Sorry, you're not good enough to have a special ability.
Unknown command.
Okay, then.
As you read the scroll labeled CAGGOEXKAH, it crumbles to dust.
You feel strangely unstable.
It was a scroll of teleportation.
The goblin hits you but does no damage.
You hit the goblin.
You kill the goblin!
Your surroundings suddenly seem different.
Unknown command.
A hobgoblin comes into view.
A hobgoblin is nearby!
A hobgoblin is nearby!
A kobold comes into view.
A frilled lizard comes into view.
A frilled lizard is nearby!
A frilled lizard is nearby!
The helpless frilled lizard fails to defend itself.
You impale the frilled lizard!!
You kill the frilled lizard!
A leopard gecko comes into view.
A leopard gecko is nearby!
The helpless leopard gecko fails to defend itself.
You impale the leopard gecko!!
You kill the leopard gecko!
Your Stealth skill increases to level 5!
You have reached level 2!
Health restored: 19; MP restored: 5 A goblin comes into view.
A goblin is nearby!
A goblin is nearby!
No target in view!
No target in view!
A kobold comes into view. It is wielding a club.
A hobgoblin comes into view. It is wielding a club.
The kobold shouts!
The kobold throws a stone.
The stone closely misses you.
Found 3 fruits.
Found a stone staircase leading down.
The hobgoblin shouts! x2; The kobold shouts!
The kobold misses you.
Unknown command.
You miss the kobold. The kobold hits you.
You take 1 damage, and have 18/19 hp.
You hit the kobold but do no damage. The kobold hits you.
You take 1 damage, and have 17/19 hp.
You hit the kobold. The kobold closely misses you.
You barely miss the kobold. The kobold barely misses you.
Okay, then.
Unknown command.
Aim: a kobold (moderately wounded, chance to defeat MR: 71%)
The kobold is outlined in light.
The kobold hits you but does no damage.
You now have 4/5 mp.
You hit the kobold but do no damage. Your bite misses the kobold.
The kobold hits you.
You take 1 damage, and have 16/19 hp.
You hit the kobold.
You kill the kobold!
Aim: a kobold, wielding a club (chance to defeat MR: 71%)
The kobold is outlined in light.
The kobold hits you but does no damage.
You now have 3/5 mp.
You closely miss the kobold. The kobold hits you but does no damage.
You closely miss the kobold. The kobold misses you.
You hit the kobold but do no damage. The kobold barely misses you.
You hit the kobold.
You kill the kobold!
Aim: a hobgoblin (chance to defeat MR: 71%)
The hobgoblin is outlined in light.
You are feeling thirsty.
The hobgoblin misses you.
You now have 2/5 mp.
You hit the hobgoblin. The hobgoblin closely misses you.
You hit the hobgoblin. The hobgoblin hits you.
You take 3 damage, and have 13/19 hp.
You closely miss the hobgoblin. The hobgoblin completely misses you.
You hit the hobgoblin.
You kill the hobgoblin!
Aim: a hobgoblin, wielding a club (chance to defeat MR: 71%)
The hobgoblin is outlined in light.
The hobgoblin hits you with a club!
You take 7 damage, and have 6/19 hp.
MASSIVE DAMAGE!!
You now have 2/5 mp.
You barely miss the hobgoblin. The hobgoblin hits you with a club.
You die...

#.#.#. # ####.#....
#.#.#. . ........ #.#.#.
....... #.#... .....
#.####
...>..#########.####
....#.#.............
#'#.#.#.............
#.#@#.#..##......##.
#.#g#(#..###....###.
#g#.#.#...###..###..
######.#.#.#....######...
...........(.....# #....
######.#.#.#.....# #....
...#.#.#....######...
#####.#.#...###..###..
#.#.#..###....###.


You could see a hobgoblin.

Vanquished Creatures
  A leopard gecko (D:1)
  A giant cockroach (D:1)
  A goblin (D:1)
  2 hobgoblins (D:1)
  3 kobolds (D:1)
  A frilled lizard (D:1)
  A rat (D:1)
10 creatures vanquished.

Notes
Turn   | Place    | Note
-------+----------+-------------------------------------------
     0 | D:1      | MackTheKnife the Vampire Enchanter began the quest for the Orb.
     0 | D:1      | Reached XP level 1. HP: 13/13 MP: 3/3
   383 | D:1      | HP: 3/13 [kobold/whip (5)]
   461 | D:1      | HP: 1/13 [kobold/whip (5)]
   684 | D:1      | HP: 2/13 [kobold/whip (2)]
  1041 | D:1      | Reached skill level 5 in Stealth
  1041 | D:1      | Reached XP level 2. HP: 19/19 MP: 5/5
  1093 | D:1      | Slain by a hobgoblin

Vault maps used:
D:1:      roderic_octagonal_star, hangedman_decor_growths, minivault_19

Skill      XL: |  1 |
---------------+----+-----
Stealth        | 5 |  5.3
Short Blades   | |  1.1
Dodging        | |  2.1
Spellcasting   | |  2.0
Hexes          | |  4.7

Action                   || total
-------------------------++-------
Melee: Dagger            ||    36
       Bite              ||     1
 Cast: Corona            ||     4
  Use: Scroll            ||     1
 Stab: Sleeping          ||     4
Armor: Robe              ||     5
Dodge: Dodged            ||    18
       Deflected         ||     1

Vault maps used:
D:1:      roderic_octagonal_star, hangedman_decor_growths, minivault_19

Table legend:
 A = Turns spent in this place as a percentage of turns spent in the entire game.
 B = Non-inter-level travel turns spent in this place as a percentage of non-inter-level travel turns spent in the entire game.
 C = Inter-level travel turns spent in this place as a percentage of turns spent in this place.
 D = Turns resting spent in this place as a percentage of non-inter-level travel turns spent in this place.
 E = Turns spent auto-exploring this place as a percentage of non-inter-level travel turns spent in this place.
 F = Non-inter-level travel turns spent in this place divided by the number of levels of this place that you've seen.
                   A       B       C       D       E      F
               +-------+-------+-------+-------+-------+----------------------
         Total | 100.0 | 100.0 |   0.0 |   1.6 |   3.8 | 502.0
       Dungeon | 100.0 | 100.0 |   0.0 |   1.6 |   3.8 | 502.0
               +-------+-------+-------+-------+-------+----------------------

Table legend:
 A = Kills in this place as a percentage of kills in entire the game.
 B = Kills by you in this place as a percentage of kills by you in the entire game.
 C = Kills by friends in this place as a percentage of kills by friends in the entire game.
 D = Other kills in this place as a percentage of other kills in the entire game.
 E = Experience gained in this place as a percentage of experience gained in the entire game.
 F = Experience gained in this place divided by the number of levels of this place that you have seen.
                   A       B       C       D       E      F
               +-------+-------+-------+-------+-------+----------------------
         Total | 100.0 | 100.0 |  -nan |  -nan | 100.0 |  18.0
       Dungeon | 100.0 | 100.0 |  -nan |  -nan | 100.0 |  18.0
               +-------+-------+-------+-------+-------+----------------------
